 Dungeon Crawl Stone Soup version 0.28.0-43-g3370ac3207 (webtiles) character file.

Game seed: 18306095161809410986

3548 dualclasshuman the Thaumaturge (level 10, -2/61 HPs)
             Began as a Djinni Fire Elementalist on Mar 4, 2022.
             Was an Initiate of Qazlal.
             Shot with a sling bullet by Joseph (16 damage)
             ... on level 9 of the Dungeon on Mar 9, 2022.
             The game lasted 00:25:19 (8419 turns).

dualclasshuman the Thaumaturge (DjFE)               Turns: 8419, Time: 00:25:20

Health: -2/61      AC:  8    Str:  7    XL:     10   Next: 30%
Gold:   420        EV: 13    Int: 20    God:    Qazlal [......] SH:  0 Dex: 15

rFire   + + +      SeeInvis .   v - +0 hand crossbow (elec)
rCold   x . .      Faith    .   (no shield)
rNeg    . . .      Spirit   .   o - +2 robe {rF+}
rPois   ∞          Reflect  .   (no helmet)
rElec   .          Harm     .   (no cloak)
rCorr   .          Rampage  .   (no gloves)
Will    ++...                   (boots unavailable)
Stlth   ++........              (no amulet)
HPRegen 0.20/turn               k - ring of willpower
MPRegen 0.00/turn               n - +4 ring of protection

@: flying
A: sickness immunity, fire resistance 2, cold vulnerability 1, float, innate
caster, HP casting, extra vitality 1
a: Renounce Religion


You were on level 9 of the Dungeon.
You worshipped Qazlal.
Qazlal was noncommittal.
You visited 2 branches of the dungeon, and saw 10 of its levels.

You collected 420 gold pieces.

Inventory:

Hand Weapons
 f - a +1 dagger of electrocution
 l - a +0 scythe
 v - a +0 hand crossbow of electrocution (weapon)
 y - a +2 whip of electrocution
 C - a +3 quarterstaff of chaos
Missiles
 p - a silver boomerang
 s - 5 curare-tipped darts
 t - a throwing net
 u - 5 poisoned darts
 w - 16 bolts (quivered ammo)
Armour
 o - a +2 robe of fire resistance (worn)
 D - a +1 cloak
Jewellery
 g - a ring of poison resistance
 i - a ring of ice
 k - a ring of willpower (left hand)
 n - a +4 ring of protection (right hand)
Wands
 A - a wand of paralysis (17)
 G - a wand of iceblast (7)
Scrolls
 b - a scroll of identify
 c - 4 scrolls of teleportation
 e - a scroll of fear
 h - a scroll of torment
 r - a scroll of immolation
 E - a scroll of enchant armour
 F - a scroll of enchant weapon {unknown}
Potions
 a - a potion of brilliance {unknown}
 d - 2 potions of curing
 j - a potion of invisibility
 m - a potion of heal wounds
 q - a potion of attraction {unknown}
 x - a potion of magic {unknown}
 z - a potion of mutation {unknown}
 B - a potion of flight {unknown}


   Skills:
 + Level 0.8 Fighting
 + Level 1.1 Crossbows
 + Level 3.5 Dodging
 + Level 3.6 Stealth
 + Level 10.5 Spellcasting


You had 7 spell levels left.
You knew the following spells:

 Your Spells              Type           Power      Damage    Failure   Level
a - Foxfire               Conj/Fire      100%       2x1d9     1%          1
b - Scorch                Fire           100%       2d10      1%          2
c - Conjure Flame         Conj/Fire      51%        6-21      1%          3
d - Inner Flame           Hex/Fire       51%        N/A       1%          3
e - Flame Wave            Conj/Fire      51%        2d10      1%          4
f - Apportation           Tloc           100%       N/A       1%          1
g - Ensorcelled Hibernat  Hex/Ice        100%       N/A       1%          2
h - Lesser Beckoning      Tloc           51%        N/A       1%          3
i - Animate Dead          Necr           25%        N/A       1%          4
Your spell library was empty.

Dungeon Overview and Level Annotations

Branches:
Dungeon (9/15)             Temple (1/1) D:6
   Lair: D:8-11         Orc: D:9-12

Altars:
Ashenzari
Cheibriados
Dithmenos
Elyvilon
Fedhas
Gozag
Hepliaklqana
Kikubaaqudgha
Makhleb
Nemelex Xobeh
Okawaru
Qazlal
Ru
Sif Muna
Trog
Uskayaw
Vehumet
Wu Jian
Xom
Yredelemnul
Zin
The Shining One

Shops:
D:1 (   D:2 [   D:9 *

Annotations:
D:9 Joseph


Innate Abilities, Weirdness & Mutations

You are immune to sickness and miasma.
You are immune to poison.
Your flesh is very heat resistant. (rF++)
You are vulnerable to cold. (rC-)
You float through the air rather than walking.
You learn spells naturally, not from books.
Your magical power is your life essence.
You have superior vitality. (+4 MHP)


Message History

The wyvern is filled with an inner flame.
Casting: Inner Flame (safe; 1% risk of failure)
Confirm with . or Enter, or press ? or * to list all spells.
Flames lash the wyvern.
Flame seeps out of the wyvern.
The wyvern is moderately wounded.
The wyvern's fire resistance burns away.
The wyvern is engulfed in blazing flames.
Flame seeps out of the wyvern.
Casting: Scorch (safe; 1% risk of failure)
Confirm with . or Enter, or press ? or * to list all spells.
Flames lash the wyvern.
The wyvern is burned terribly!
Qazlal accepts your kill.
The wyvern explodes!
You hear a bark!
You hear a shout!
Casting: Scorch (safe; 1% risk of failure)
Confirm with . or Enter, or press ? or * to list all spells.
Aiming: Inner Flame (safe; 1% risk of failure)
Press: ? - help, Dir - move target, f - Joseph
Aim: Joseph, wielding a +0 hunting sling, wearing a +0 leather armour and quivering sling bullets (chance to affect: 84%) Joseph barely resists.
Joseph shoots a sling bullet.
The sling bullet hits you!
* * * LOW HITPOINT WARNING * * *
Casting: Inner Flame (safe; 1% risk of failure)
Confirm with . or Enter, or press ? or * to list all spells.
Aiming: Inner Flame (safe; 1% risk of failure)
Press: ? - help, Dir - move target, f/p - Joseph
Aim: Joseph, wielding a +0 hunting sling, wearing a +0 leather armour and quivering sling bullets (chance to affect: 84%) Joseph is filled with an inner flame.
* * * LOW HITPOINT WARNING * * *
Joseph shoots a sling bullet.
The sling bullet closely misses you.
You feel much better.
Joseph shoots a sling bullet.
The sling bullet hits you!
* * * LOW HITPOINT WARNING * * *
Casting: Inner Flame (safe; 1% risk of failure)
Confirm with . or Enter, or press ? or * to list all spells.
Flames lash Joseph.
Flame seeps out of Joseph.
Joseph is lightly wounded.
Joseph's fire resistance burns away.
* * * LOW HITPOINT WARNING * * *
Joseph is engulfed in blazing flames.
Flame seeps out of Joseph.
Joseph shoots a sling bullet.
The sling bullet hits you!
You die...

.≈.≈≈≈≈....##
≈hh≈≈S.≈...∩
≈≈≈≈≈≈≈≈@.. ≈≈≈≈......
≈≈..... ≈... ##@##
#§§§#######
##..§@..##.#
#...○......#### #
#..............##### ##
#.##...............###.
#.#
#######.............
#.# #####........# ..
####....## ###...#
#.....


You could see Joseph (inner flame, combustible), a wolf and a hound.

Vanquished Creatures
  Sigmund (D:2)
  2 wyverns
  3 yaks (D:8)
  A steam dragon (D:8)
  Menkaure (D:5)
  A water moccasin (D:7)
  An ice beast (D:6)
  3 black bears
  3 necrophages
  A centaur (D:5)
  4 ogres
  3 phantoms
  A gnoll sergeant (D:8)
  A scorpion (D:5)
  A water moccasin skeleton (D:5)
  Dowan (D:4)
  3 killer bees (D:8)
  A howler monkey (D:8)
  A bullfrog zombie (D:9)
  A centaur zombie (D:8)
  5 hounds
  A bullfrog skeleton (D:5)
  A centaur skeleton (D:7)
  2 orc priests
  2 gnoll shamans
  Jessica (D:3)
  An iguana (D:5)
  Crazy Yiuf (D:7)
  A killer bee zombie (D:9)
  A hound skeleton (D:8)
  A howler monkey zombie (D:7)
  9 gnolls
  3 adders
  2 worms
  3 dart slugs
  9 orcs
  3 bats
  4 endoplasms
  2 giant cockroaches
  5 hobgoblins
  3 quokkas
  3 ball pythons
  6 frilled lizards
  8 goblins
  5 kobolds
  2 rats (D:1)
118 creatures vanquished.

Vanquished Creatures (others)
  206 foxfires
206 creatures vanquished.

Grand Total: 324 creatures vanquished

Notes
Turn   | Place    | Note
-------+----------+-------------------------------------------
     0 | D:1      | dualclasshuman the Djinni Fire Elementalist began the quest
                  | for the Orb.
     0 | D:1      | Reached XP level 1. HP: 15/15 MP: 0/0
   243 | D:1      | Reached XP level 2. HP: 10/21 MP: 0/0
   716 | D:1      | Found a faded altar of an unknown god.
   804 | D:1      | Found Nium Reff's Weapon Emporium.
   819 | D:1      | Reached skill level 3 in Spellcasting
   850 | D:1      | Reached XP level 3. HP: 21/25 MP: 0/0
   850 | D:1      | Learned a level 1 spell: Apportation
  1431 | D:2      | Noticed Sigmund
  1439 | D:2      | Killed Sigmund
  1440 | D:2      | Reached skill level 4 in Spellcasting
  1440 | D:2      | Reached XP level 4. HP: 24/31 MP: 0/0
  1440 | D:2      | Reached XP level 5. HP: 27/35 MP: 0/0
  1440 | D:2      | Learned a level 2 spell: Ensorcelled Hibernation
  1440 | D:2      | Reached XP level 6. HP: 31/40 MP: 0/0
  1789 | D:2      | Found Gutick's Armour Shoppe.
  2112 | D:3      | Noticed Jessica
  2117 | D:3      | Killed Jessica
  2477 | D:3      | Identified the +2 scale mail of the Distant Future {rPois
                  | rF+}
  2589 | D:3      | Reached skill level 5 in Spellcasting
  3199 | D:4      | Noticed a necrophage
  3203 | D:4      | Killed a necrophage
  3204 | D:4      | Reached XP level 7. HP: 37/45 MP: 0/0
  3204 | D:4      | Learned a level 3 spell: Lesser Beckoning
  3631 | D:4      | Noticed Dowan
  3636 | D:4      | Killed Dowan
  3637 | D:4      | Reached skill level 6 in Spellcasting
  3732 | D:4      | You are sucked into a shaft and drop 1 floor!
  3732 | D:5      | Entered Level 5 of the Dungeon
  3799 | D:5      | Reached XP level 8. HP: 26/50 MP: 0/0
  4303 | D:5      | Reached skill level 7 in Spellcasting
  4384 | D:5      | Noticed Menkaure
  4388 | D:5      | Killed Menkaure
  4848 | D:6      | Reached skill level 8 in Spellcasting
  4848 | D:6      | Reached XP level 9. HP: 13/55 MP: 0/0
  4848 | D:6      | Learned a level 4 spell: Animate Dead
  5452 | D:6      | Found a staircase to the Ecumenical Temple.
  5466 | Temple   | Entered the Ecumenical Temple
  5832 | Temple   | Became a worshipper of Qazlal Stormbringer
  6018 | D:6      | Found a blossoming altar of Fedhas.
  6283 | D:7      | Found a sparkling altar of Nemelex Xobeh.
  6295 | D:7      | Reached skill level 9 in Spellcasting
  6378 | D:7      | Found a runed translucent door.
  6379 | D:7      | Noticed Crazy Yiuf
  6484 | D:7      | Killed Crazy Yiuf
  7460 | D:8      | Found a shimmering altar of Xom.
  7460 | D:8      | Found a shimmering altar of Xom.
  7460 | D:8      | Found a shimmering altar of Xom.
  7460 | D:8      | Found a shimmering altar of Xom.
  7638 | D:8      | Reached XP level 10. HP: 48/61 MP: 0/0
  7648 | D:8      | Reached skill level 10 in Spellcasting
  7982 | D:8      | Found a burning altar of Makhleb.
  8112 | D:8      | Reached skill level 1 in Crossbows
  8409 | D:9      | Found Qyngotil's General Store.
  8409 | D:9      | Noticed Joseph
  8419 | D:9      | Shot with a sling bullet by Joseph

Illustrated notes

Levels and vault maps discovered:
D:1:      mushboom_english_gardens, layout_basic,
          ebering_ecumenical_altar_petrified, serial_shops,
          nicolae_shop_bloodbath_and_beyond
D:2:      layout_loops_ring, serial_shops, nicolae_shop_waterfront, uniq_sigmund
D:3:      layout_rooms, lightli_corner_chamber, uniq_jessica
D:4:      minmay_bubble_buster, layout_basic, uniq_duvessa
D:5:      black_bear_nest_2, layout_basic, uniq_menkaure
D:6:      layout_rooms, mainiacjoe_overflow_surrounded_room,
          minmay_temple_entry_trees
D:7:      layout_cave_pools, mainiacjoe_overflow_tiny_flanked,
          uniq_crazy_yiuf_cottage
D:8:      layout_loops_ring, makhleb_blood_cavern_becter, xom_shifter_show
D:9:      layout_cave_pods, erik_lair_island, serial_shops, shop, shop,
          nicolae_shop_statue_plus, kennysheep_little_box, kennysheep_mini_moat,
          uniq_joseph, uniq_gastronok
Temple:   regret_index_temple_mists

Skill      XL: |  1  2  3  4  5  6  7  8  9 10 |
---------------+-------------------------------+-----
Spellcasting   | 3 4 5 6 8 9 10 | 10.5
Stealth        | 2 3 |  3.6
Dodging        | 3 |  3.5
Crossbows      | 1 |  1.1
Fighting       | |  0.8

Action                   |  1- 3 |  4- 6 |  7- 9 | 10-12 || total
-------------------------+-------+-------+-------+-------++-------
Melee: Dagger            |       |       |     3 |       ||     3
 Fire: Hand crossbow     |       |       |     5 |       ||     5
 Cast: Foxfire           |    56 |    34 |    44 |     8 ||   142
       Inner Flame       |     1 |     9 |    50 |    12 ||    72
       Apportation       |     1 |       |       |       ||     1
       Scorch            |       |    14 |    35 |     9 ||    58
       Conjure Flame     |       |       |     8 |     1 ||     9
       Flame Wave        |       |       |     2 |       ||     2
       Animate Dead      |       |       |     1 |       ||     1
  Use: Scroll            |       |     7 |     9 |     1 ||    17
       Potion            |       |       |       |     2 ||     2
Armor: Robe              |     2 |     1 |     2 |     1 ||     6
Dodge: Dodged            |     4 |     5 |    14 |     5 ||    28
